 Dungeon Crawl Stone Soup version 0.30.1-4-g462c640d31 (webtiles) character file.

Game seed: 17826169027458668625

116 ChrisAssaf the Chiller (level 4, -2/30 HPs)
             Began as a Demonspawn Ice Elementalist on Aug 30, 2023.
             Was a Believer of Lugonu.
             Slain by an ogre
             ... wielding a +0 giant spiked club
              (16 damage)
             ... on level 3 of the Dungeon on Aug 31, 2023.
             The game lasted 00:08:55 (2249 turns).

ChrisAssaf the Chiller (DsIE)                       Turns: 2249, Time: 00:08:55

Health: -2/30      AC:  5    Str:  9    XL:     4   Next: 69%
Magic:  4/8        EV: 12    Int: 18    God:    Lugonu [**....]
Gold:   180        SH:  0    Dex: 13    Spells: 5/9 levels left

rFire   + . .        (no weapon)
rCold   x . .        (no shield)
rNeg    . . .        a - +1 robe
rPois   .            (no helmet)
rElec   .            (no cloak)
rCorr   .            (no gloves)
SInv    .            (no boots)
Will    .....        (no amulet)
Stlth   ++           n - ring of fire
HPRegen 0.25/turn    (no ring)
MPRegen 0.11/turn

%: no passive effects
@: freezing walls
A: icy blue scales 1, powered by pain 1
a: Renounce Religion, Depart the Abyss, Banish


You were on level 3 of the Dungeon.
You worshipped Lugonu.
Lugonu was pleased with you.
You visited 1 branch of the dungeon, and saw 3 of its levels.

You collected 180 gold pieces.

Inventory:

Armour
 a - a +1 robe (worn)
Jewellery
 n - a ring of fire (left hand)
Scrolls
 d - a scroll of noise {unknown}
 e - 4 scrolls of immolation
 l - 3 scrolls of amnesia {unknown}
 o - a scroll of poison {unknown}
Potions
 f - 2 potions of heal wounds {unknown}
 g - 3 potions of degeneration {unknown}
 h - a potion of berserk rage {unknown}
 i - 3 potions of lignification {unknown}
 j - a potion of curing {unknown}
 k - a potion of flight {unknown}
 m - a potion of mutation {unknown}
 p - a potion of brilliance {unknown}


   Skills:
 * Level 0.8 Armour
 * Level 2.1 Dodging
 * Level 2.0 Stealth
 * Level 3.2 Spellcasting
 * Level 4.4 Ice Magic
 * Level 0.4 Invocations


You had 5 spell levels left.
You knew the following spells:

 Your Spells              Type           Power      Damage    Failure   Level
a - Freeze                Ice            76%        1d8       2%          1
b - Frozen Ramparts       Ice            38%        1d6       8%          3

Your spell library contained the following spells:

 Spells                   Type           Power      Damage    Failure   Level
 Ozocubu's Armour         Ice            19%        N/A       8%          3
 Sublimation of Blood     Necr           2%         N/A       24%         2
 Summon Ice Beast         Ice/Summ       10%        N/A       54%         4
 Petrify                  Tmut/Erth      2%         N/A       85%         4
 Irradiate                Conj/Tmut      1%         3d12      99%         5


Dungeon Overview and Level Annotations

Branches:
Dungeon (3/15)

Altars:
Lugonu


Innate Abilities, Weirdness & Mutations

You are partially covered in icy blue scales. (AC +2)
You sometimes gain a little power by taking damage.


Message History

Found a ring mail.
The orc attacks as you move away! The orc misses you. The adder bites you.
The adder completely misses you. The orc hits you with a +0 flail.
The adder bites you but does no damage.
Casting: Freeze (safe; 2% risk of failure)
Confirm with . or Enter, or press ? or * to list all spells.
You don't have enough magic to cast this spell.
Unknown command.
Magic courses through your body. The adder closely misses you.
The orc barely misses you.
Casting: Freeze (safe; 2% risk of failure)
Confirm with . or Enter, or press ? or * to list all spells.
The spell is quite dangerous to miscast (8% risk of failure)!
Continue anyway?
Casting: Frozen Ramparts (quite dangerous; 8% risk of failure)
Press: ? - help, Dir - look around, f - activate The walls around you are covered in ice.
The wall freezes the adder.
The adder seems to slow down.
The adder bites you but does no damage.
The wall freezes the orc.
The orc barely misses you.
The wall freezes the ogre.
Unknown command.
Aiming: Freeze (safe; 2% risk of failure)
Press: ? - help, Q - select action, (/) - cycle Shift-Dir - straight line, f - adder
Aim: an adder (moderately wounded, slow)
You freeze the adder.
The adder is almost dead.
The adder seems to slow down.
The wall freezes the adder.
You kill the adder!
Lugonu accepts your kill.
The wall freezes the orc.
The orc hits you with a +0 flail!
Aiming: Freeze (safe; 2% risk of failure)
Press: ? - help, Q - select action, (/) - cycle Shift-Dir - straight line, f - ogre
Aim: an ogre, wielding a +0 giant spiked club (lightly wounded)
You freeze the ogre.
The ogre is moderately wounded.
The wall freezes the ogre.
The ogre hits you with a +0 giant spiked club!
Ouch! That really hurt!
You die...

##.##....... .. #.[
#.##.### #..# ..#.##.#
.# #.#.. .## #)..# # .
#.##..###?r))#..### ..
#..##.#.#.####....#...
#.[..#.. .....).....
#..##.####.##..##...
#..@##........## ..
#..oO.......### .
#...........#
#############


You could see an ogre and an orc.

Vanquished Creatures
  3 adders
  A worm (D:3)
  A dart slug (D:1)
  7 orcs (D:3)
  9 ball pythons
  8 endoplasms
  3 giant cockroaches
  4 goblins
  8 hobgoblins
  3 jackals (D:1)
  5 kobolds
  2 quokkas (D:1)
  4 bats
  6 frilled lizards
  7 rats
71 creatures vanquished.

Notes
Turn   | Place    | Note
-------+----------+-------------------------------------------
     0 | D:1      | ChrisAssaf the Demonspawn Ice Elementalist began the quest
                  | for the Orb.
     0 | D:1      | Reached XP level 1. HP: 13/13 MP: 3/3
   192 | D:1      | Gained mutation: You are partially covered in icy blue
                  | scales. (AC +2) [demonic ancestry]
   192 | D:1      | Reached XP level 2. HP: 19/19 MP: 3/5
   213 | D:1      | Reached skill level 4 in Ice Magic
   464 | D:2      | Found a faded altar of an unknown god.
   486 | D:2      | Prayed at the altar of an unknown god.
   486 | D:2      | Became a worshipper of Lugonu the Unformed
   486 | D:2      | Reached * piety under Lugonu
   561 | D:2      | Reached XP level 3. HP: 22/24 MP: 3/6
  1319 | D:2      | Learned a level 3 spell: Frozen Ramparts
  1557 | D:1      | Gained mutation: You sometimes gain a little power by
                  | taking damage. [demonic ancestry]
  1557 | D:1      | Reached XP level 4. HP: 27/30 MP: 3/8
  1654 | D:1      | Reached ** piety under Lugonu
  2224 | D:3      | Noticed an ogre
  2249 | D:3      | Slain by an ogre

Illustrated notes

Levels and vault maps discovered:
D:1:      psy_arrival_fountain, layout_loops_ring
D:2:      layout_loops_cross, shapermc_ecumenical_altar_starsandcircs,
          nrook_mini_backslash
D:3:      layout_loops_ring, mainiacjoe_overflow_boulevard, marbit_many_paths,
          lemuel_round_altar, minmay_pentomino_pile

Skill      XL: |  1  2  3  4 |
---------------+-------------+-----
Ice Magic      | 4 |  4.4
Spellcasting   | 3 |  3.2
Dodging        | 2 |  2.1
Stealth        | 2 |  2.0
Armour         | |  0.8
Invocations    | |  0.4

Action                     |  1- 3 |  4- 6 || total
---------------------------+-------+-------++-------
  Melee: Unarmed           |     1 |     1 ||     2
   Cast: Freeze            |    62 |    25 ||    87
         Frozen Ramparts   |     2 |     6 ||     8
    Use: Scroll            |     4 |     1 ||     5
         Potion            |       |     1 ||     1
 Armour: Robe              |    22 |     7 ||    29
  Dodge: Dodged            |    56 |    33 ||    89
